 Dungeon Crawl Stone Soup version 0.16-a0-3963-gf3423b3 (console) character file.

193 MarvinPA the Chopper (level 5, -2/38 HPs)
             Began as a Mummy Wanderer on Feb 10, 2015.
             Killed from afar by an orc wizard (22 damage)
             ... with a puff of flame
             ... on level 4 of the Dungeon.
             The game lasted 00:04:23 (2760 turns).

MarvinPA the Chopper (Mummy Wanderer)               Turns: 2760, Time: 00:04:24

Health: -2/38      AC: 12    Str: 16    XL:     5   Next: 43%
Magic:  6/6        EV:  9    Int: 10    God:
Gold:   169        SH:  0    Dex: 12    Spells: 0 memorised, 4 levels left

rFire  x . .     SeeInvis .     b - +0 shortbow
rCold  + . .     Clarity  .     c - +2 scale mail
rNeg   + + +     SustAb   .     (no shield)
rPois  ∞         Gourm    .     (no helmet)
rElec  .         Spirit   .     f - +2 cloak
rCorr  .         Warding  .     (no gloves)
rMut   .         Stasis   .     l - +0 pair of boots
MR     +....                    (no amulet)
Stlth  ..........               (no ring)
                                n - ring of protection from magic

@: somewhat resistant to hostile enchantments, extremely unstealthy
A: no food or potions, fire vulnerability, restore body, cold resistance 1,
negative energy resistance 3, poison resistance, torment resistance, unbreathing
a: no special abilities


You were on level 4 of the Dungeon.
You were not hungry.

You visited 1 branch of the dungeon, and saw 4 of its levels.

You collected 169 gold pieces.


Innate Abilities, Weirdness & Mutations

You do not eat or drink.
Your flesh is vulnerable to fire.
Your flesh is cold resistant.
You are immune to negative energy.
Your system is resistant to poisons.
You are immune to unholy pain and torment.
You can survive without breathing.


   Skills:
 - Level 2.0 Fighting
 + Level 4.7 Axes
 - Level 1.0 Bows
 - Level 2.4 Armour
 - Level 1.5 Evocations


You had 4 spell levels left.
You didn't know any spells.

Inventory:

Hand weapons
 a - a +0 hand axe
 b - a +0 shortbow (weapon)
Missiles
 d - 19 arrows (quivered)
Armour
 c - a +2 scale mail (worn)
 f - a +2 cloak (worn)
 j - a +1 robe of the Archmagi
 l - a +0 pair of boots (worn)
Jewellery
 m - an amulet of stasis
 n - a ring of protection from magic (left hand)
Magical devices
 s - a wand of frost (24)
Scrolls
 e - a scroll of blinking {unknown}
 g - 2 scrolls of enchant armour {unknown}
 h - a scroll of remove curse {unknown}
 i - 3 scrolls of identify {unknown}
 k - a scroll of fear {unknown}
 o - a scroll of random uselessness {unknown}
 p - a scroll of noise {unknown}
 q - a scroll of recharging {unknown}
 r - a scroll of teleportation {unknown}

Dungeon Overview and Level Annotations

Branches:
Dungeon (4/15)
 Temple: D:4-7

Altars:
Fedhas
Kikubaaqudgha

.......####...#
.##...........#
.##.##.####...
.##.##†# #.# .....†.#
#.#
....#..#####.#####
#####.....†..)...#
#####...###..###.#
........# #.## #M#
#####.#.# #.# #.#
#.#.# #.# #{#
#..........({o.......
........###..#######
# #...##..# #..# ..#
... (..# ..... ....#


You could see an orc.


Message History

Firing (i - inventory):
d - 23 arrows (quivered)
Aim: an orc wizard, wielding a dagger and wearing a robe (severely wounded)
You shoot an arrow.
The arrow closely misses the orc wizard.
The orc completely misses you. The orc wizard barely misses you.
Firing (i - inventory):
d - 22 arrows (quivered)
Aim: an orc wizard, wielding a dagger and wearing a robe (severely wounded)
You shoot an arrow.
The arrow hits the orc wizard but does no damage.
The orc wizard is severely wounded.
The orc closely misses you.
The orc wizard gestures wildly while chanting.
The orc wizard flickers and vanishes!
Firing (i - inventory):
d - 21 arrows (quivered)
Aim: an orc, wielding a trident (almost dead)
You shoot an arrow. The orc closely misses you.
Something hits you but does no damage. The orc hits you but does no damage.
Something hits you but does no damage.
Firing (i - inventory):
d - 20 arrows (quivered)
Aim: an orc, wielding a trident (almost dead)
You shoot an arrow.
You hear some strange, mumbled words.
A puff of flame appears from out of thin air!
The puff of flame hits you! The fire burns you terribly!
The orc hits you but does no damage.
You hear some strange, mumbled words.
A puff of flame appears from out of thin air!
The puff of flame hits you! The fire burns you terribly!
Ouch! That really hurt!
You die...

Action                   |  1- 3 |  4- 6 || total
-------------------------+-------+-------++-------
Melee: Hand axe          |   174 |   152 ||   326
 Fire: Shortbow          |    18 |    32 ||    50

Vault maps used:
D:1:      dpeg_arrival_rooms_c
D:3:      grunt_temple_overflow_growth_and_decay
D:4:      first_bread

Notes
Turn   | Place    | Note
--------------------------------------------------------------
     0 | D:1      | MarvinPA, the Mummy Wanderer, began the quest for the Orb.
     0 | D:1      | MarvinPA set off with: a +2 scale mail, a +0 shortbow, a +0 hand axe, 30 arrows
     0 | D:1      | Reached XP level 1. HP: 16/16 MP: 1/1
   146 | D:1      | Reached skill level 2 in Axes
   267 | D:1      | Reached XP level 2. HP: 22/22 MP: 2/2
   740 | D:1      | Reached XP level 3. HP: 22/27 MP: 3/3
   988 | D:2      | Reached skill level 3 in Axes
  1497 | D:2      | Reached XP level 4. HP: 33/33 MP: 5/5
  2143 | D:3      | Found a blossoming altar of Fedhas.
  2144 | D:3      | Found an ancient bone altar of Kikubaaqudgha.
  2163 | D:3      | Reached skill level 4 in Axes
  2570 | D:3      | Reached XP level 5. HP: 38/38 MP: 6/6
  2760 | D:4      | Killed from afar by an orc wizard

Vanquished Creatures
  2 worker ants
  7 adders
  5 giant geckos
  3 oozes
  3 orcs
  2 giant cockroaches
  7 hobgoblins
  12 jackals
  2 quokkas (D:2)
  9 bats
  2 giant newts
  7 goblins
  8 kobolds
  3 rats
72 creatures vanquished.
